[Event "46th OKU-B 2019"]
[Site "Utrecht"]
[Date "2019.06.02"]
[Round "5.5"]
[White "Van Aken, Jelmer"]
[Black "Manschot, Thomas"]
[Result "1-0"]
[ECO "C01"]
[WhiteElo "1698"]
[BlackElo "1803"]
[Annotator "NA"]
[PlyCount "77"]
[EventDate "2019.05.31"]
[EventType "swiss"]
[EventCountry "NED"]
[SourceTitle "playchess.com"]
[Source "ChessBase"]
[SourceQuality "1"]
[TimeControl "6600+10"]

1. e4 e6 2. d4 d5 3. Nc3 Bb4 4. exd5 exd5 5. Bd3 Nf6 6. Bf4 {[%emt 0:02:14] C01: French: Exchange Variation} (6. Nge2 O-O 7. O-O c6 8. Bg5 h6 9. Bh4 Re8 10. f3 Nbd7 11. Qd2 Nf8 12. Rae1 Bd6 13. Bg3 Ng6 14. Bxd6 Qxd6 15. Bxg6 fxg6 {1-0 (39) Aronian,L (2767)-Caruana,F (2822) chess.com INT 2018}) 6... O-O 7. Nge2 Re8 8. O-O c6 9. a3 Bd6 10. Qd2 Ne4 11. Bxe4 $146 ({Predecessor:} 11. Qc1 Bf5 12. Nxe4 dxe4 13. Bc4 Qf6 14. Bxd6 Qxd6 {½-½ (45) Mucha,A (2012)-Dengler,D (2146) Germany 2009}) 11... dxe4 12. Ng3 f5 13. d5 Qc7 14. Bxd6 Qxd6 15. Rad1 cxd5 16. Qg5 Qe7 17. Qxe7 Rxe7 18. Nxd5 ({Don't play} 18. Rxd5 $6 Rf7 $16) 18... Rf7 {[%emt 0:00:10] [#]} 19. Ne7+ $18 Rxe7 20. Rd8+ Kf7 21. Rxc8 g6 22. Rd1 Re8 23. Rdd8 Rxd8 24. Rxd8 Ke7 25. Rh8 a5 26. Rxh7+ Kd6 27. Rg7 Nc6 28. Rxg6+ Ke5 29. h4 Nd4 30. c3 Ne6 31. h5 Rh8 32. h6 f4 33. Nh5 e3 34. Kf1 Kf5 35. Rf6+ Kg5 36. Rxe6 Kxh5 37. fxe3 fxe3 38. Rxe3 Rf8+ 39. Rf3 1-0

[Event "46th OKU-B 2019"]
[Site "Utrecht"]
[Date "2019.06.02"]
[Round "5.6"]
[White "Lutz, Chris"]
[Black "Neisingh, Nils"]
[Result "0-1"]
[ECO "B56"]
[WhiteElo "1800"]
[BlackElo "1710"]
[Annotator "NA"]
[PlyCount "104"]
[EventDate "2019.05.31"]
[EventType "swiss"]
[EventCountry "NED"]
[SourceTitle "playchess.com"]
[Source "ChessBase"]
[SourceQuality "1"]
[TimeControl "6600+10"]

1. e4 c5 2. Nf3 d6 3. d4 cxd4 4. Nxd4 Nf6 5. Nc3 a6 6. Be3 e5 7. Nb3 Be6 $11 8. f3 Be7 9. Qd2 Nc6 10. g4 O-O 11. O-O-O Nd7 12. h4 b5 13. Nd5 Bxd5 14. exd5 Na7 15. g5 Nb6 16. Qf2 Rb8 17. Nd2 Qc7 18. Ne4 Rb7 19. Kb1 Nc4 20. Bxc4 bxc4 21. Ka1 Rfb8 22. Rb1 Nb5 23. c3 a5 24. f4 a4 25. fxe5 dxe5 26. Nf6+ Bxf6 27. gxf6 Qd6 28. Rbg1 g6 29. Bc5 Qa6 30. a3 Nd6 31. h5 Rxb2 32. Qxb2 Rxb2 33. Kxb2 Ne4 34. Bb4 Qxf6 35. Rf1 Qd8 36. hxg6 hxg6 37. Rh2 Qxd5 38. Rfh1 Nc5 39. Rh8+ Kg7 40. R8h7+ Kg8 41. Rh8+ Kg7 42. R8h7+ Kf6 43. Rf1+ Ke6 44. Bxc5 Qd2+ 45. Ka1 Qxc3+ 46. Ka2 Qc2+ 47. Ka1 Qc3+ 48. Ka2 Qd2+ 49. Ka1 c3 50. Rb1 c2 51. Rb6+ Kd5 52. Rd6+ Kxc5 0-1

[Event "46th OKU-B 2019"]
[Site "Utrecht"]
[Date "2019.06.02"]
[Round "6.1"]
[White "Flohr, Ron"]
[Black "De Dreu, Dies"]
[Result "1/2-1/2"]
[ECO "D00"]
[WhiteElo "1883"]
[BlackElo "1761"]
[Annotator "NA"]
[PlyCount "30"]
[EventDate "2019.05.31"]
[EventType "swiss"]
[EventCountry "NED"]
[SourceTitle "playchess.com"]
[Source "ChessBase"]
[SourceQuality "1"]
[TimeControl "6600+10"]

1. d4 d5 2. e3 Nf6 3. Bd3 Nc6 4. f4 Nb4 5. a3 Nxd3+ 6. cxd3 Bd7 7. Nf3 Bg4 8. O-O e6 9. Qb3 Bxf3 10. Rxf3 b6 11. Qb5+ Qd7 12. Qxd7+ Nxd7 13. e4 dxe4 14. dxe4 Be7 15. Nc3 O-O 1/2-1/2

[Event "46th OKU-B 2019"]
[Site "Utrecht"]
[Date "2019.06.02"]
[Round "6.2"]
[White "Neisingh, Nils"]
[Black "Van de Lagemaat, Arend"]
[Result "1/2-1/2"]
[ECO "B06"]
[WhiteElo "1710"]
[BlackElo "1855"]
[Annotator "NA"]
[PlyCount "76"]
[EventDate "2019.05.31"]
[EventType "swiss"]
[EventCountry "NED"]
[SourceTitle "playchess.com"]
[Source "ChessBase"]
[SourceQuality "1"]
[TimeControl "6600+10"]

1. e4 c5 2. Nf3 g6 3. d4 cxd4 4. Nxd4 Bg7 5. f4 Nc6 6. Nf3 d6 7. Bd3 Nf6 8. O-O Qb6+ 9. Kh1 Ng4 10. Qe1 Bxb2 11. Bxb2 Qxb2 12. Nc3 Qb6 13. Nd5 Qd8 14. f5 Nge5 15. Bb5 Bd7 16. Qh4 a6 17. Nxe5 Nxe5 18. Bxd7+ Kxd7 19. Rab1 b5 20. a4 Rb8 21. axb5 g5 22. Qxg5 f6 23. Qe3 axb5 24. Qa7+ Ke8 25. Rxb5 Rxb5 26. Nc7+ Kf7 27. Nxb5 Rg8 28. Rd1 Qd7 29. Qa2+ Kg7 30. Nd4 Qb7 31. Ne6+ Kh8 32. Qd5 Qxd5 33. Rxd5 Rc8 34. Rb5 h5 35. Rb2 Nd3 36. Ra2 Nf2+ 37. Kg1 Nxe4 38. Nf4 Kg7 1/2-1/2

[Event "46th OKU-B 2019"]
[Site "Utrecht"]
[Date "2019.06.02"]
[Round "6.3"]
[White "Krouwel, Robert"]
[Black "Van Aken, Jelmer"]
[Result "1/2-1/2"]
[ECO "A47"]
[WhiteElo "1841"]
[BlackElo "1698"]
[Annotator "NA"]
[PlyCount "79"]
[EventDate "2019.05.31"]
[EventType "swiss"]
[EventCountry "NED"]
[SourceTitle "playchess.com"]
[Source "ChessBase"]
[SourceQuality "1"]
[TimeControl "6600+10"]

1. d4 Nf6 2. Nf3 e6 3. e3 b6 4. Nbd2 Bb7 5. Bd3 d6 6. c3 Nbd7 7. O-O Be7 8. Re1 c5 9. e4 O-O 10. Nf1 d5 11. Ng3 dxe4 12. Nxe4 Qc7 13. Bg5 Rfd8 14. dxc5 Nxc5 15. Nxc5 Qxc5 16. Be3 Qc7 17. Qe2 Ng4 18. h3 Nxe3 19. Qxe3 Bc5 20. Qe2 Qg3 21. Rad1 Bxf3 22. Qxf3 Qxf3 23. gxf3 g6 24. Kg2 Kf8 25. f4 Rac8 26. Ba6 Rb8 27. Kf3 Ke7 28. Bc4 Kf6 29. Bb3 b5 30. Bc2 b4 31. cxb4 Bxb4 32. Rxd8 Rxd8 33. Re4 Bc5 34. Re2 Bb6 35. a4 Rd5 36. b4 Rd4 37. Re4 Rd2 38. Re2 Rxe2 39. Kxe2 h6 40. Kf3 {[%emt 0:02:08] Ke5 [%emt 00:01:50] Ke4+ [%clk 00:59:09]} 1/2-1/2

[Event "46th OKU-B 2019"]
[Site "Utrecht"]
[Date "2019.06.02"]
[Round "6.4"]
[White "Wallace, Mitchel"]
[Black "De Vroome, Ernest"]
[Result "0-1"]
[ECO "B40"]
[WhiteElo "1798"]
[BlackElo "1893"]
[Annotator "NA"]
[PlyCount "88"]
[EventDate "2019.05.31"]
[EventType "swiss"]
[EventCountry "NED"]
[SourceTitle "playchess.com"]
[Source "ChessBase"]
[SourceQuality "1"]
[TimeControl "6600+10"]

1. e4 c5 2. c3 Nf6 3. d3 Nc6 4. Nf3 e6 5. Be2 Be7 6. Nbd2 Qc7 7. h3 d5 8. O-O O-O 9. Re1 $15 b6 10. Qc2 Bb7 11. Nf1 e5 12. g4 dxe4 13. dxe4 Nd8 14. Ng3 Ne6 15. Ng5 Nf4 16. Bf1 h6 17. Nf3 Rad8 18. g5 hxg5 19. Nxg5 N6h5 20. Nxf7 Kxf7 21. Bxf4 Nxf4 22. Qb3+ Kg6 23. Nf5 Bc8 24. Ne3 Be6 25. Nd5 Bxd5 26. exd5 Rxd5 27. Re4 Rd2 28. Rd1 Rxd1 29. Qxd1 Rh8 30. Qg4+ Kf7 31. Qf5+ Bf6 32. Bc4+ Kf8 33. Re3 Rh5 34. Qe4 Qd8 35. Bb3 Qe8 36. Kh2 Qd7 37. Qf3 Rg5 38. Qa8+ Bd8 39. Qf3 Rg2+ 40. Kh1 Bf6 41. Qa8+ Ke7 42. Qg8 Rxf2 43. Qh7 Rf1+ 44. Kh2 Qd2+ 0-1

[Event "46th OKU-B 2019"]
[Site "Utrecht"]
[Date "2019.06.02"]
[Round "6.5"]
[White "Boittin, Pascal"]
[Black "Scholten, Marcel"]
[Result "0-1"]
[ECO "C42"]
[WhiteElo "1838"]
[BlackElo "1747"]
[Annotator "NA"]
[PlyCount "62"]
[EventDate "2019.05.31"]
[EventType "swiss"]
[EventCountry "NED"]
[SourceTitle "playchess.com"]
[Source "ChessBase"]
[SourceQuality "1"]
[TimeControl "6600+10"]

1. e4 e5 2. Nf3 Nf6 3. Nxe5 d6 4. Nf3 Nxe4 5. d4 d5 6. Bd3 Bf5 7. O-O Be7 8. Re1 O-O 9. c4 c6 10. Nc3 Bb4 11. Qc2 Re8 12. Bf4 Nd7 13. Rad1 Ndf6 14. c5 Nxc3 15. bxc3 Bxd3 16. Qxd3 Ba5 17. Bg5 Rxe1+ 18. Rxe1 h6 19. Bxf6 Qxf6 20. Qe3 Bc7 21. Qe7 Qxe7 22. Rxe7 Rc8 23. Ne5 Bxe5 24. dxe5 Rb8 25. f4 b6 26. Rxa7 bxc5 27. Ra5 d4 28. cxd4 cxd4 29. Rc5 d3 30. Rxc6 d2 31. Rd6 Rb1+ 0-1

[Event "46th OKU-B 2019"]
[Site "Utrecht"]
[Date "2019.06.02"]
[Round "6.6"]
[White "Waardenburg, Feline"]
[Black "Klein, Jorik"]
[Result "1/2-1/2"]
[ECO "E81"]
[WhiteElo "1761"]
[BlackElo "1839"]
[Annotator "NA"]
[PlyCount "55"]
[EventDate "2019.05.31"]
[EventType "swiss"]
[EventCountry "NED"]
[SourceTitle "playchess.com"]
[Source "ChessBase"]
[SourceQuality "1"]
[TimeControl "6600+10"]

1. d4 Nf6 2. c4 g6 3. Nc3 Bg7 4. e4 d6 5. f3 O-O 6. Be3 Nbd7 7. Nh3 c5 8. d5 a6 9. Be2 Rb8 10. O-O Qa5 11. Nf2 b5 12. cxb5 axb5 13. a3 Ba6 14. Qd2 Ra8 15. b4 Qb6 16. bxc5 Nxc5 17. Rab1 Qa5 18. Rfc1 Nfd7 19. Bh6 Rfc8 20. Bxg7 Kxg7 21. Qd4+ f6 22. Qb4 Qxb4 23. axb4 Na4 24. Nxa4 bxa4 25. b5 Bb7 26. Nd3 Kf7 27. Nb4 Nc5 28. Bc4 1/2-1/2

[Event "46th OKU-B 2019"]
[Site "Utrecht"]
[Date "2019.06.02"]
[Round "6.7"]
[White "Schoenmakers, Nico"]
[Black "Van Nie, Pjotr"]
[Result "0-1"]
[ECO "B27"]
[WhiteElo "1778"]
[BlackElo "1487"]
[Annotator "NA"]
[PlyCount "94"]
[EventDate "2019.05.31"]
[EventType "swiss"]
[EventCountry "NED"]
[SourceTitle "playchess.com"]
[Source "ChessBase"]
[SourceQuality "1"]
[TimeControl "6600+10"]

1. e4 g6 2. d4 Bg7 3. Nf3 c5 4. dxc5 Qa5+ 5. Bd2 Qxc5 6. Bc3 Nf6 7. Bd3 O-O 8. O-O d6 9. Nbd2 Bg4 10. h3 Bd7 11. Nb3 Qc8 12. Re1 Nc6 13. Bf1 a6 14. a4 Rb8 15. e5 dxe5 16. Nxe5 Nxe5 17. Bxe5 Ra8 18. c3 Rd8 19. Qe2 Bc6 20. Nd4 Bd7 21. a5 Qc5 22. g3 Qc8 23. h4 Bh3 24. Bg2 Bxg2 25. Kxg2 e6 26. Qf3 Nd5 27. Bxg7 Kxg7 28. h5 Qd7 29. Rh1 e5 30. Nc2 Qf5 31. Qe2 Qg5 32. Kf1 Nf6 33. h6+ Kg8 34. Ne3 Ne4 35. Ng4 Nd2+ 36. Kg2 e4 37. Rhd1 f5 38. Ne3 f4 39. Kg1 fxe3 40. Rxd2 exd2 41. Rd1 Qd5 42. Qg4 Re8 43. Qf4 Rf8 44. Qc7 Qf7 45. Qc5 Rad8 46. Qb6 Rd3 47. Qc5 e3 0-1

[Event "46th OKU-B 2019"]
[Site "Utrecht"]
[Date "2019.06.02"]
[Round "6.8"]
[White "Aguado Garcia, Pablo"]
[Black "Lutz, Chris"]
[Result "1-0"]
[ECO "C44"]
[WhiteElo "1890"]
[BlackElo "1800"]
[Annotator "NA"]
[PlyCount "72"]
[EventDate "2019.05.31"]
[EventType "swiss"]
[EventCountry "NED"]
[SourceTitle "playchess.com"]
[Source "ChessBase"]
[SourceQuality "1"]
[TimeControl "6600+10"]

1. e4 e5 2. Nf3 Nc6 3. c3 d5 4. Qa4 Bd7 5. exd5 Nd4 6. Qd1 Nxf3+ 7. Qxf3 Bd6 8. Bc4 f5 9. d3 Nf6 10. Bg5 O-O 11. Nd2 b5 12. Bb3 a5 13. O-O Qe8 14. a3 e4 15. dxe4 fxe4 16. Qe2 Bxh2+ 17. Kxh2 Ng4+ 18. Kg3 Qh5 19. d6+ Kh8 20. Bh4 Qe5+ 21. f4 Qxd6 22. Nxe4 Qg6 23. Bg5 Rae8 24. Bc2 Bf5 25. Rae1 Nf6 26. Nd6 Rxe2 27. Bxf5 Rxe1 28. Rxe1 Nh5+ 29. Kg4 Qxd6 30. Re5 Nf6+ 31. Kh3 Qd1 32. Rxb5 Qh1+ 33. Kg3 Re8 34. Re5 Rxe5 35. fxe5 Qe1+ 36. Kf4 Qf2# 1-0